 Dungeon Crawl Stone Soup version 0.28-a0-1152-g9c71ebef14 (webtiles) character file.

Game seed: 7530523693504620008

4 spaghetti the Sneak (level 1, -11/18 HPs)
             Began as a Mummy Delver on Dec 14, 2021.
             Was an Initiate of Gozag.
             Mangled by an ogre (24 damage)
             ... on level 5 of the Dungeon.
             The game lasted 00:01:24 (526 turns).

spaghetti the Sneak (Mummy Delver)                   Turns: 526, Time: 00:01:25

Health: -11/18     AC:  3    Str: 15    XL:     1   Next: 58%
Magic:  1/1        EV: 11    Int:  9    God:    Gozag
Gold:   19         SH:  0    Dex: 13    Spells: 0/0 levels left

rFire   x . .      SeeInvis .   a - +0 falchion {long}
rCold   + . .      Faith    .   (no shield)
rNeg    + + +      Spirit   .   b - +0 leather armour
rPois   ∞          Reflect  .   (no helmet)
rElec   .          Harm     .   (no cloak)
rCorr   .          Rampage  .   (no gloves)
Will    .....                   (no boots)
Stlth   ++........              (no amulet)
HPRegen 0.06/turn               (no ring)
MPRegen 0.07/turn               (no ring)

@: no status effects
A: cold resistance 1, negative energy resistance 3, torment resistance 2, heat
vulnerability 1, no potions
a: Renounce Religion, Potion Petition, Call Merchant, Bribe Branch


You were on level 5 of the Dungeon.
You worshipped Gozag.
Gozag was noncommittal.
You visited 2 branches of the dungeon, and saw 3 of its levels.

You collected 44 gold pieces.
You paid 25 gold pieces to Gozag.


Innate Abilities, Weirdness & Mutations

You are immune to poison.
Your flesh is cold resistant. (rC+)
You are immune to negative energy. (rN+++)
You are immune to unholy pain and torment.
You are vulnerable to heat. (rF-)
You do not drink.


   Skills:
 + Level 3.3 Fighting
 - Level 1.5 Long Blades
 - Level 1.5 Dodging
 - Level 4.1 Stealth


You couldn't memorise any spells.
You didn't know any spells.
Your spell library was empty.

Inventory:

Hand Weapons
 a - a +0 falchion (weapon) {long}
Missiles
 g - 13 bolts
Armour
 b - a +0 leather armour (worn)
Wands
 f - a wand of digging (3)
Scrolls
 c - a scroll of fog

Dungeon Overview and Level Annotations

Branches:
Dungeon (6/15)             Temple (1/1) D:6

Altars:
Dithmenos
Gozag
Hepliaklqana
Trog

Annotations:
D:5 exclusion: ogre
D:6 Grinder, Prince Ribbit

.####.#
##.###.# ##
...... #.#
#.#######. ..#
#.# #.O..OZ...
.## #.#
#########. .#
#### #.# ## .#
..# #.# # .#
#.# #.# # ##
#.###.#### ##
.## #@OZ.....#
##) ..##
#..##.##.#
##.. ...##
.....##.# #
#... ....#
#.....##..
#.... ....+
#..........
+.... ....#
#...#.##....
#.... ...##
.....#!###.#.#
##... >.##
.#####.# .#.#
##.. .## .. #
##.


You could see an ogre and a centaur skeleton.


Message History

Unknown command.
Found an opulent altar of Gozag. 😎 HP[+7]
Your hp is fully restored (18).
Found a hazy altar of Hepliaklqana.
Found a bloodstained altar of Trog.
Found a shadowy altar of Dithmenos.
There is an opulent altar of Gozag here.
You kneel at the altar of Gozag.
Gozag welcomes you!
You pay a service fee of 25 gold.
You offer a prayer to Gozag.
Unknown command.
Press < or > to pray at altars.
Unknown command.
Press < or > to pray at altars.
(D) Dungeon (T) Temple
Where to? (Enter - D:6 @ (x,y), ? - help)
There is a staircase back to the Dungeon here.
You climb upwards.
Level annotation: Grinder, Prince Ribbit
There is a staircase to the Ecumenical Temple here.
Unknown command.
Unknown command.
d - a scroll labelled CIFOIR XIKKAQA
As you read the scroll labelled CIFOIR XIKKAQA, it crumbles to dust.
You feel a surge of unholy energy.
It was a scroll of torment.
Unknown command.
Unknown command.
You open the door.
There is an open door here.
You now have 7 gold pieces (gained 6).
You now have 19 gold pieces (gained 12).
Found an escape hatch in the floor.
An iguana comes into view.
The iguana hisses angrily.
The iguana hisses menacingly.
Grinder blinks!
There is a stone staircase leading up here.
Grinder blinks!
There is a stone staircase leading up here.
Grinder says, "You look like you could use a good racking."
You climb upwards.
There is a stone staircase leading down here.
Unknown command.
Unknown command.
Unknown command.
An ogre is nearby!
Okay, then.
Press: ? - help, v - describe, . - travel
Here: an ogre, wielding a +0 giant spiked club (asleep)
The floor.
Placed new exclusion.
Unknown command.
The ogre shouts!
You open the door.
A centaur skeleton comes into view.
There is an open door here.
You close the door.
The centaur skeleton closely misses you.
The centaur skeleton kicks you but does no damage.
You hit the centaur skeleton.
The centaur skeleton hits you but does no damage.
The centaur skeleton closely misses you.
An ogre breaks down the door.
The centaur skeleton hits you.
The centaur skeleton kicks you but does no damage. 😕 HP[-2]
You take 2 damage, and now have 16/18 hp.
The centaur skeleton barely misses you.
The centaur skeleton kicks you but does no damage.
You open the door.
The centaur skeleton hits you but does no damage.
The centaur skeleton closely misses you.
There is an open door here.
The centaur skeleton hits you but does no damage.
The centaur skeleton closely misses you.
The centaur skeleton hits you.
The centaur skeleton kicks you but does no damage. 😮 HP[-4]
You take 4 damage, and now have 12/18 hp.
MASSIVE DAMAGE!! (PAUSE) Unknown command.
You can't drink.
Okay, then.
Unknown command. 😮 HP[+1]
Things that are here:
11 stones {throwing}; a +0 ring mail 😕 HP[+1]
The centaur skeleton hits you.
The centaur skeleton closely misses you. 😮 HP[-3]
You take 3 damage, and now have 11/18 hp. 😮 HP[+1] 😮 HP[+1]
Found a stone staircase leading up.
The ogre hits you with a +0 giant spiked club!!
Ouch! That really hurt!
You die...
Your body crumbles into a pile of gold.

Action                   || total
-------------------------++-------
Melee: Falchion          ||     7
  Use: Scroll            ||     4
 Stab: Sleeping          ||     2
Armor: Leather armour    ||     7
Dodge: Dodged            ||     6

Levels and vault maps discovered:
D:5:      layout_loops_corners, lemuel_doored_altar,
          mainiacjoe_overflow_tiny_flanked
D:6:      layout_layer_cave, minmay_temple_entry_hall, uniq_grinder,
          uniq_prince_ribbit1, uniq_eustachio
Temple:   eino_temple_scatter_basement

Notes
Turn   | Place    | Note
-------+----------+-------------------------------------------
     0 | D:5      | spaghetti the Mummy Delver began the quest for the Orb.
     0 | D:5      | Reached XP level 1. HP: 18/18 MP: 1/1
     0 | D:5      | magus.rc [v1.9.6]
   212 | D:6      | Noticed Grinder
   220 | D:6      | Noticed an orc warrior
   220 | D:6      | Noticed an orc priest
   224 | D:6      | Noticed Prince Ribbit
   245 | D:6      | Found a staircase to the Ecumenical Temple.
   251 | Temple   | Entered the Ecumenical Temple
   374 | Temple   | Became a worshipper of Gozag Ym Sagoz the Greedy
   424 | D:6      | Noticed an iguana
   436 | D:5      | Noticed an ogre
   526 | D:5      | Mangled by an ogre

Vanquished Creatures
  A dart slug (D:5)
  An orc (D:6)
2 creatures vanquished.

Table legend:
 A = Non-vault XP
 B = Vault XP
 C = Vault XP percentage of total XP
 D = Non-vault monster count
 E = Vault monster count
 F = Vault count percentage of total count
                 A         B        C        D         E       F
            +---------+---------+-------+---------+---------+-------
      Total |       7 |       0 |   0.0 |       2 |       0 |   0.0
            +---------+---------+-------+---------+---------+-------
        D:5 |       4 |       0 |   0.0 |       1 |       0 |   0.0
        D:6 |       3 |       0 |   0.0 |       1 |       0 |   0.0
            +---------+---------+-------+---------+---------+-------

Illustrated notes

Table legend:
 A = Kills in this place as a percentage of kills in entire the game.
 B = Kills by you in this place as a percentage of kills by you in the entire game.
 C = Kills by friends in this place as a percentage of kills by friends in the entire game.
 D = Other kills in this place as a percentage of other kills in the entire game.
 E = Experience gained in this place as a percentage of experience gained in the entire game.
 F = Experience gained in this place divided by the number of levels of this place that you have seen.
                   A       B       C       D       E      F
               +-------+-------+-------+-------+-------+----------------------
         Total | 100.0 | 100.0 |   N/A |   N/A | 100.0 |   2.3
       Dungeon | 100.0 | 100.0 |   N/A |   N/A | 100.0 |   3.5
               +-------+-------+-------+-------+-------+----------------------

Table legend: (Time is in decaauts)
 A = Elapsed time spent in this place.
 B = Non-inter-level travel time spent in this place.
 C = Inter-level travel time spent in this place.
 D = Time resting spent in this place.
 E = Time spent auto-exploring this place.
 F = Levels seen in this place.
 G = Mean time per level.
                   A        B        C        D        E       F      G
               +--------+--------+--------+--------+--------+-----+--------+
         Total |    527 |    475 |     52 |     97 |    229 |   3 |  175.7 |
       Dungeon |    395 |    352 |     43 |     97 |    114 |   2 |  197.5 |
        Temple |    132 |    123 |      9 |      0 |    115 |   1 |  132.0 |
               +--------+--------+--------+--------+--------+-----+--------+

Top non-repeatable levels by time:
     D:6: 218 daAuts
     D:5: 176 daAuts
  Temple: 132 daAuts
